 Dungeon Crawl Stone Soup version 0.20.1-1-g8b1a95d (webtiles) character file.

72 WiZmei the Shield-Bearer (level 4, -4/28 HPs)
             Began as a Gargoyle Fighter on Nov 30, 2017.
             Killed by nerve-wracking pain
             ... invoked by Grinder
              (6 damage)
             ... on level 3 of the Dungeon.
             The game lasted 00:04:17 (1991 turns).

WiZmei the Shield-Bearer (Gargoyle Fighter)         Turns: 1991, Time: 00:04:17

Health: -4/28      AC: 10    Str: 21    XL:     4   Next: 26%
Magic:  4/4        EV:  7    Int: 13    God:
Gold:   182        SH:  9    Dex:  9    Spells: 2/3 levels left

rFire    . . .     SeeInvis .   a - +0 flail
rCold    . . .     Gourm    .   c - +0 shield
rNeg     + . .     Faith    .   b - +0 scale mail
rPois    ∞         Spirit   .   (no helmet)
rElec    +         Reflect  .   (no cloak)
rCorr    .         Harm     .   (no gloves)
MR       .....                  (no boots)
Stlth    ..........             (no amulet)
Regen    0.1/turn               (no ring)
MPRegen  0.1/turn               (no ring)

@: brilliant
A: negative energy resistance 1, electricity resistance, unbreathing,
petrification resistance, rot immunity, AC +3
a: no special abilities


You were on level 3 of the Dungeon.
You were not hungry.

You visited 1 branch of the dungeon, and saw 3 of its levels.

You collected 182 gold pieces.

Inventory:

Hand Weapons
 a - a +0 flail (weapon)
 g - a +0 hunting sling
Missiles
 o - 2 throwing nets (quivered)
Armour
 b - a +0 scale mail (worn)
 c - a +0 shield (worn)
Wands
 s - a wand of lightning (4/15)
Scrolls
 e - a scroll of blinking {unknown}
 j - a scroll of amnesia {unknown}
 m - a scroll of enchant weapon {unknown}
 n - 4 scrolls of identify {unknown}
Potions
 d - a potion of might
 k - a potion of agility {unknown}
 q - a potion of mutation {unknown}
Books
 p - a book of Minor Magic

   Spells                             Type                      Level
   a - Magic Dart                     Conjuration                  1
   b - Blink                          Translocation                2
   c - Call Imp                       Summoning                    2
   d - Slow                           Hexes                        2
   e - Conjure Flame                  Conjuration/Fire             3
   f - Mephitic Cloud                 Conjuration/Poison/Air       3
Comestibles
 f - 2 bread rations
 h - 4 royal jellies
 l - a meat ration
 r - a fruit


   Skills:
 + Level 3.6 Fighting
 + Level 2.8 Maces & Flails
 + Level 3.7 Armour
 + Level 0.5 Dodging
 + Level 4.1 Shields


You had 2 spell levels left.
You knew the following spells:

 Your Spells              Type           Power        Failure   Level  Hunger
a - Magic Dart            Conj           #...         32%         1    ##.....


Dungeon Overview and Level Annotations

Branches:
Dungeon (3/15)

Altars:
Qazlal

Annotations:
D:3 Grinder


Innate Abilities, Weirdness & Mutations

You are resistant to torment.
Your stone body is resilient. (AC +3)
You are immune to poison.
You resist negative energy. (rN+)
You are resistant to electric shocks. (rElec)
You can survive without breathing.
You are immune to petrification.
You are immune to rotting.


Message History

You block the bat's attack. Grinder gestures at you.
Pain shoots through your body!
* * * LOW HITPOINT WARNING * * *
You closely miss Grinder.
Grinder is severely wounded.
The bat barely misses you. You block the bat's attack. Grinder gestures at you.
You resist with significant effort. The bat hits you but does no damage.
It was a potion of brilliance.
You feel clever all of a sudden. You block the bat's attack. Grinder hits you.
* * * LOW HITPOINT WARNING * * *
Unknown command.
You hit Grinder.
Grinder is severely wounded.
The bat hits you but does no damage. Grinder gestures at you.
Pain shoots through your body!
You die...

##.#### §§§ #...).#§§§§§
#..#..###### #######
##..#......_# #......
#...#..###### #......
###.#.####§§§§§
#......###...#.# §§§§§
#......5.#.###.### §§§§
#......@b......... §§§§
##########.###....######
#.# ##.##...... #.#
.######.. #.# .########
..# .......<. .##
.######## . . #>


You could see Grinder and a bat.

Vanquished Creatures
  3 adders (D:2)
  4 dart slugs
  2 ball pythons
  2 giant cockroaches
  2 hobgoblins
  6 jackals
  3 kobolds
  A quokka (D:2)
  8 bats
  4 frilled lizards
  A goblin (D:1)
  2 rats
38 creatures vanquished.

Notes
Turn   | Place    | Note
-------+----------+-------------------------------------------
     0 | D:1      | WiZmei the Gargoyle Fighter began the quest for the Orb.
     0 | D:1      | Reached XP level 1. HP: 14/14 MP: 1/1
   196 | D:1      | Reached XP level 2. HP: 19/19 MP: 2/2
   273 | D:1      | You fall through a shaft!
   739 | D:1      | Reached XP level 3. HP: 23/23 MP: 3/3
  1290 | D:2      | Learned a level 1 spell: Magic Dart
  1302 | D:2      | Reached skill level 4 in Shields
  1439 | D:2      | Reached XP level 4. HP: 28/28 MP: 4/4
  1956 | D:3      | Found a stormy altar of Qazlal.
  1970 | D:3      | Noticed Grinder
  1978 | D:3      | Paralysed by Grinder for 5 turns
  1991 | D:3      | Killed from afar by Grinder

Skill      XL: |  1  2  3 |
---------------+----------+-----
Shields        | 4 |  4.1
Fighting       | |  3.6
Maces & Flails | |  2.8
Armour         | |  3.7
Dodging        | |  0.5

Action                   |  1- 3 |  4- 6 || total
-------------------------+-------+-------++-------
Melee: Flail             |   151 |    33 ||   184
  Use: Potion            |       |     1 ||     1
  Eat: Chunk             |     2 |     1 ||     3
       Fruit             |       |     1 ||     1
Armor: Scale mail        |   103 |    31 ||   134
Dodge: Dodged            |    65 |    14 ||    79
Block: Shield            |   114 |    19 ||   133
